 Dungeon Crawl Stone Soup version 0.19.0 (webtiles) character file.

46302 Magifyre the Grappler (level 14, -2/143 HPs)
             Began as a Troll Fighter on Nov 5, 2016.
             Was a High Priest of the Shining One.
             Slain by a starcursed mass (7 damage)
             ... while paralysed by accursed screaming
             ... on level 2 of the Abyss on Nov 6, 2016.
             The game lasted 01:05:35 (13484 turns).

Magifyre the Grappler (Troll Fighter)              Turns: 13484, Time: 01:05:36

Health: -2/143     AC: 14    Str: 26 (27) XL:     14   Next: 4%
Magic:  4/14       EV:  1    Int: -1 (4)  God:    the Shining One [*****.]
Gold:   943        SH:  0    Dex: 12 (13) Spells: 0 memorised, 13 levels left

rFire  + . .     SeeInvis .       - Unarmed
rCold  . . .     Gourm    +     Y - +2 robe {rF+}
rNeg   + + .     Faith    .     b - +0 shield
rPois  .         Spirit   .     (helmet restricted)
rElec  .         Reflect  .     I - +2 cloak
rCorr  .         Harm     .     (gloves unavailable)
MR     +....                    (boots unavailable)
Stlth  +.........               F - amulet of regeneration
                                u - +2 ring of evasion
                                O - +4 ring of protection

@: paralysed, divine shield, non-regenerating, badly diseased, slowed, lost
intelligence, glowing
A: unfitting armour, claws 3, deterioration 1, fast metabolism 3, gourmand, low
mp 2, regeneration 1, shaggy fur 1, tough skin 2
a: Divine Shield, Cleansing Flame, Summon Divine Warrior, Renounce Religion


You were on level 2 of the Abyss.
You worshipped the Shining One.
The Shining One was extremely pleased with you.
You were full.

You visited 2 branches of the dungeon, and saw 16 of its levels.
You visited the Abyss 1 time.

You collected 943 gold pieces.

Inventory:

Missiles
 G - 16 large rocks (quivered)
Armour
 b - a +0 shield (worn)
 I - a +2 cloak (worn)
 T - a +1 robe of magic resistance
 Y - a +2 robe of fire resistance (worn)
Jewellery
 q - an uncursed ring of fire
 u - a +2 ring of evasion (right claw)
 F - an amulet of regeneration (around neck)
 O - a +4 ring of protection (left claw)
 W - an uncursed ring of ice
Wands
 a - a wand of teleportation (5/9)
 x - a wand of acid (7/15)
 D - a wand of enslavement (10/24)
 H - a wand of disintegration (15/24)
 M - a wand of digging (4/24)
 R - a wand of teleportation (7/9)
 S - a wand of disintegration (17/24)
 X - a wand of digging (11/24)
Scrolls
 g - 5 scrolls of blinking {unknown}
 h - 3 scrolls of recharging {unknown}
 i - a scroll of magic mapping {unknown}
 k - 2 scrolls of random uselessness {unknown}
 n - 10 scrolls of remove curse
 o - 3 scrolls of fog {unknown}
 t - 5 scrolls of fear
 v - 2 scrolls of enchant weapon {unknown}
 y - a scroll of holy word {unknown}
 B - 4 scrolls of teleportation
 C - 2 scrolls of noise {unknown}
 J - 3 scrolls of immolation {unknown}
 K - 6 scrolls of enchant armour {unknown}
 U - a scroll of summoning {unknown}
 V - 3 scrolls of amnesia {unknown}
Potions
 c - a potion of might
 d - a potion of berserk rage
 e - 3 potions of resistance
 f - 5 potions of flight
 j - 2 potions of mutation {unknown}
 l - 4 potions of heal wounds
 m - 2 potions of agility
 p - 7 potions of curing
 A - a potion of ambrosia {unknown}
 E - 2 potions of cancellation {unknown}
 L - a potion of haste
 P - a potion of cure mutation {unknown}
 Q - a potion of lignification {unknown}
Books
 N - a book of Clouds

   Spells                             Type                      Level
   a - Mephitic Cloud                 Conjuration/Poison/Air       3
   b - Conjure Flame                  Conjuration/Fire             3
   c - Poisonous Cloud                Conjuration/Poison/Air       6
   d - Freezing Cloud                 Conjuration/Ice/Air          6
   e - Ring of Flames                 Charms/Fire                  7
Comestibles
 r - 6 beef jerkies
 s - 4 slices of pizza
 w - 5 bread rations
 z - 7 meat rations
 Z - 7 fruits


   Skills:
 - Level 10.1 Fighting
 + Level 3.0 Armour
 - Level 10.1 Dodging
 - Level 9.4 Shields
 + Level 12.3 Unarmed Combat
 + Level 7.9 Invocations


You had 13 spell levels left.
You didn't know any spells.

Dungeon Overview and Level Annotations

Branches:
Dungeon (15/15)            Temple (1/1) D:5            Lair (0/6) D:9
    Orc (0/2) D:11         Vaults (0/5) D:14         Depths (0/5) D:15

Altars:
Ashenzari
Cheibriados
Dithmenos
Elyvilon
Fedhas
Gozag
Hepliaklqana
Kikubaaqudgha
Makhleb
Nemelex Xobeh
Okawaru
Qazlal
Ru
Sif Muna
Trog
Uskayaw
Vehumet
Xom
Yredelemnul
Zin
The Shining One

Shops:
D:5 *

Annotations:
D:15 Louise


Innate Abilities, Weirdness & Mutations

You are too large for most types of armour.
You have claws for hands.
Your metabolism is lightning-fast.
You like to eat raw meat.
Your natural rate of healing is unusually fast.
You are covered in fur. (AC +1)
You have very tough skin. (AC +2)
Your body sometimes deteriorates upon taking damage.
[Your magical capacity is very low. (-20% MP)]


Message History

The four-headed hydra simulacrum convulses.
The four-headed hydra simulacrum vapourises!
The Shining One accepts your kill.
Your Armour skill increases to level 3!
The starcursed mass engulfs your daeva! You block the ancient zyme's attack.
The ancient zyme hits you!
* * * LOW HITPOINT WARNING * * *
A deafening chorus of shrieks assaults your mind!
* * * LOW HITPOINT WARNING * * *
You suddenly lose the ability to move!
The frost giant skeleton hits you!
* * * LOW HITPOINT WARNING * * *
The starcursed mass engulfs your daeva!
A wretched star comes into view.
The wretched star pulses with an eldritch light!
You feel less energetic. x2
Your daeva twists and deforms.
Your daeva hits the starcursed mass with an eudemon blade of holy wrath!
The starcursed mass shudders and is absorbed by its neighbour.
The starcursed mass engulfs you!
You die...

...##.... . # ... .
.
..................
. . . .............
.. . .
..................
.. .... .
............. .
.................
... ...
....../...... .
#......
#Xx....##..... #.
....##@§X...##. .
... .....XZAX......
. . .. .
.......XXx..... . .
.
........X..........
............... .
.. .
................
................
.*....##......##
#...... #......# .


You could see 6 starcursed masses, a wretched star, an ancient zyme, a thrashing
horror, a small abomination, a frost giant skeleton and a friendly daeva.

Vanquished Creatures
  A tentacled starspawn (Abyss:2)
  Kirke (D:11)
  Nessos (D:12)
  A hydra (D:14)
  4 centaur warriors
  2 death knights
  A thrashing horror (Abyss:2)
  Sonja (D:14)
  A sixfirhy (Abyss:2)
  A spatial maelstrom (Abyss:2)
  2 unseen horrors
  7 hill giants
  5 skeletal warriors (D:13)
  A glowing orange brain (Abyss:2)
  Pikel (D:4)
  A necromancer (D:14)
  A deep elf mage (D:14)
  3 cyclopes
  9 ugly things
  3 manticores
  An apocalypse crab (Abyss:2)
  Joseph (D:10)
  Psyche (D:8)
  2 orange demons (Abyss:2)
  A gargoyle (D:13)
  A kobold demonologist (D:13)
  A demonic crawler (Abyss:2)
  A troll (D:14)
  3 two-headed ogres
  A raiju (Abyss:2)
  2 hornets
  4 slime creatures (D:14)
  7 hippogriffs
  A meliai zombie (D:12)
  A shadow (D:12)
  Sigmund (D:6)
  A spriggan (D:8)
  2 water elementals (D:13)
  4 wyverns
  A ynoxinul (Abyss:2)
  3 wraiths
  A neqoxec (Abyss:2)
  12 yaks
  2 hungry ghosts
  2 vampire mosquitoes (D:11)
  A soldier ant (D:12)
  2 mottled dragons
  Menkaure (D:7)
  8 orc warriors
  A phantom (D:9)
  3 ice beasts
  4 necrophages
  2 eyes of draining
  An ice dragon simulacrum (Abyss:2)
  A black bear (D:9)
  7 ogres
  12 centaurs
  2 small abominations (Abyss:2)
  2 crocodiles
  8 bullfrogs
  A big kobold (D:13)
  3 scorpions
  8 killer bees
  27 wights
  5 howler monkeys
  2 electric eels (D:13)
  6 crimson imps
  2 bullfrog zombies
  4 hounds
  2 bullfrog skeletons
  7 centaur zombies
  5 jellies
  14 orc priests
  16 orc wizards
  9 iguanas
  Terence (D:2)
  12 worker ants
  A hound zombie (D:8)
  A mummy (D:12)
  A hound skeleton (D:4)
  14 adders
  4 gnolls (D:8)
  2 shadow imps
  An ooze (D:8)
  An adder zombie (D:7)
  3 worms
  3 dart slugs
  4 leopard geckos
  38 orcs
  7 giant cockroaches
  9 goblins
  7 hobgoblins
  13 jackals
  5 kobolds
  2 quokkas
  2 ball pythons
  3 bats
  5 frilled lizards
  A leopard gecko skeleton (D:5)
  13 rats
  A starspawn tentacle (Abyss:2)
424 creatures vanquished.

Vanquished Creatures (collateral kills)
  A hydra (D:12)
  A hydra simulacrum (Abyss:2)
  An ufetubus (Abyss:2)
3 creatures vanquished.

Vanquished Creatures (others)
  4 humans (D:12)
  A giant cockroach (D:4)
  A quokka (D:4)
  A leopard gecko skeleton (D:4)
  5 starspawn tentacles (Abyss:2)
  3 withered plants (D:12)
15 creatures vanquished.

Grand Total: 442 creatures vanquished

Notes
Turn   | Place    | Note
-------+----------+-------------------------------------------
     0 | D:1      | Magifyre the Troll Fighter began the quest for the Orb.
     0 | D:1      | Reached XP level 1. HP: 22/22 MP: 0/0
   182 | D:1      | Reached XP level 2. HP: 29/29 MP: 1/1
   589 | D:2      | Reached XP level 3. HP: 31/36 MP: 2/2
   616 | D:2      | Noticed Terence
   623 | D:2      | Killed Terence
   678 | D:2      | Reached XP level 4. HP: 41/44 MP: 3/3
   898 | D:2      | Reached skill level 3 in Unarmed Combat
  1175 | D:3      | Reached XP level 5. HP: 51/53 MP: 4/4
  1358 | D:3      | Found a basalt altar of Yredelemnul.
  2584 | D:4      | Noticed Pikel
  2584 | D:4      | Noticed a slave
  2584 | D:4      | Noticed a slave
  2588 | D:4      | Noticed a slave
  2634 | D:4      | Killed Pikel
  2634 | D:4      | Reached skill level 4 in Unarmed Combat
  2634 | D:4      | Reached XP level 6. HP: 34/62 MP: 5/5
  2634 | D:4      | Reached XP level 7. HP: 38/70 MP: 6/6
  2734 | D:4      | Found a shadowy altar of Dithmenos.
  2869 | D:4      | Found a faded altar of an unknown god.
  2869 | D:4      | Found a faded altar of an unknown god.
  2874 | D:4      | Found a faded altar of an unknown god.
  2876 | D:4      | Found a faded altar of an unknown god.
  2878 | D:4      | Found a hide-covered altar of Uskayaw.
  2985 | D:4      | Found a glowing golden altar of the Shining One.
  3497 | D:4      | Became a worshipper of the Shining One
  3544 | D:5      | Entered Level 5 of the Dungeon
  3568 | D:5      | Found Ollan's Elemental Accessories.
  3687 | D:5      | Reached XP level 8. HP: 73/79 MP: 7/7
  3689 | D:5      | Reached skill level 5 in Unarmed Combat
  3887 | D:5      | Found a staircase to the Ecumenical Temple.
  3896 | Temple   | Entered the Ecumenical Temple
  4232 | D:6      | Found a glowing silver altar of Zin.
  4232 | D:6      | Found a bloodstained altar of Trog.
  4232 | D:6      | Found a burning altar of Makhleb.
  4233 | D:6      | Found an opulent altar of Gozag.
  4233 | D:6      | Found a snail-covered altar of Cheibriados.
  4234 | D:6      | Found a deep blue altar of Sif Muna.
  4240 | D:6      | Found a sacrificial altar of Ru.
  4266 | D:6      | Reached skill level 5 in Dodging
  4320 | D:6      | Reached skill level 5 in Shields
  4510 | D:6      | Reached skill level 5 in Fighting
  4537 | D:6      | Reached * piety under the Shining One
  4662 | D:6      | Noticed Sigmund
  4672 | D:6      | Reached skill level 6 in Unarmed Combat
  4677 | D:6      | Killed Sigmund
  4677 | D:6      | Reached XP level 9. HP: 88/88 MP: 8/8
  4902 | D:7      | Noticed Menkaure
  4923 | D:7      | Killed Menkaure
  5098 | D:7      | Reached ** piety under the Shining One
  5206 | D:7      | Reached skill level 7 in Unarmed Combat
  5322 | D:7      | Found a hazy altar of Hepliaklqana.
  5806 | D:8      | Noticed Psyche
  5816 | D:8      | Killed Psyche
  6137 | D:8      | Reached XP level 10. HP: 100/100 MP: 9/9
  6142 | D:8      | Found a sparkling altar of Nemelex Xobeh.
  6521 | D:9      | Found a staircase to the Lair.
  6801 | D:9      | Reached skill level 8 in Unarmed Combat
  7011 | D:9      | Reached *** piety under the Shining One
  7070 | D:9      | Found a blossoming altar of Fedhas.
  7456 | D:10     | Entered Level 10 of the Dungeon
  7491 | D:10     | Noticed a hill giant
  7756 | D:10     | Killed a hill giant
  7814 | D:10     | Noticed Joseph
  7826 | D:10     | Killed Joseph
  7826 | D:10     | Reached XP level 11. HP: 110/110 MP: 7/10
  8004 | D:10     | Reached skill level 9 in Unarmed Combat
  8249 | D:11     | Noticed an unseen horror
  8272 | D:11     | Killed an unseen horror
  8296 | D:11     | Noticed a hill giant
  8304 | D:11     | Killed a hill giant
  8305 | D:11     | Identified a +2 rod of ignition (9/9) (You found it on level 9 of the Dungeon)
  8630 | D:11     | Reached skill level 1 in Invocations
  8667 | D:11     | Noticed a death knight
  8686 | D:11     | Killed a death knight
  8741 | D:11     | Reached **** piety under the Shining One
  8801 | D:11     | Got a slimy trident
  8802 | D:11     | Identified the cursed +1 trident "Hell-Harrower" {pain, rC+ Int+3} (You found it on level 11 of the Dungeon)
  8820 | D:11     | Found a staircase to the Orcish Mines.
  9126 | D:11     | Noticed a brown ugly thing
  9126 | D:11     | Noticed an orb spider
  9137 | D:11     | Noticed a white ugly thing
  9172 | D:11     | You fall through a shaft for 2 floors!
  9178 | D:13     | Noticed a skeletal warrior
  9178 | D:13     | Noticed a skeletal warrior
  9178 | D:13     | Noticed a skeletal warrior
  9178 | D:13     | Noticed a skeletal warrior
  9184 | D:13     | Killed a skeletal warrior
  9186 | D:13     | Noticed a skeletal warrior
  9191 | D:13     | Killed a skeletal warrior
  9196 | D:13     | Killed a skeletal warrior
  9200 | D:13     | Killed a skeletal warrior
  9206 | D:13     | Killed a skeletal warrior
  9206 | D:13     | Reached skill level 10 in Unarmed Combat
  9318 | D:12     | Noticed a death knight
  9340 | D:12     | Killed a death knight
  9340 | D:12     | Reached XP level 12. HP: 118/122 MP: 13/13
  9352 | D:12     | Reached ***** piety under the Shining One
  9540 | D:12     | Noticed Kirke
  9567 | D:11     | Killed Kirke
 10038 | D:12     | Reached skill level 5 in Invocations
 10249 | D:12     | Noticed Nessos
 10260 | D:12     | Killed Nessos
 10545 | D:12     | Noticed a five-headed hydra
 10552 | D:12     | Killed a five-headed hydra
 10688 | D:13     | Noticed a centaur warrior
 10847 | D:13     | Killed a centaur warrior
 10923 | D:13     | Reached XP level 13. HP: 130/130 MP: 16/16
 11064 | D:13     | Reached skill level 11 in Unarmed Combat
 12362 | D:14     | Reached skill level 10 in Fighting
 12368 | D:14     | Reached skill level 10 in Dodging
 12485 | D:14     | Noticed Sonja
 12623 | D:14     | Killed Sonja
 12684 | D:14     | Found a gate to the Vaults.
 12773 | D:15     | Entered Level 15 of the Dungeon
 12888 | D:14     | Paralysed by a hornet for 1 turns
 12893 | D:14     | Reached skill level 1 in Armour
 12992 | D:15     | Found a staircase to the Depths.
 12992 | D:15     | Noticed a fire giant
 13056 | D:15     | Noticed Louise
 13067 | D:15     | Cast into level 2 of the Abyss (Louise)
 13243 | Abyss:2  | Reached skill level 12 in Unarmed Combat
 13317 | Abyss:2  | Noticed a tentacled starspawn
 13322 | Abyss:2  | Lost intelligence.
 13338 | Abyss:2  | Killed a tentacled starspawn
 13437 | Abyss:2  | Reached XP level 14. HP: 142/142 MP: 18/18
 13472 | Abyss:2  | Noticed a starcursed mass
 13475 | Abyss:2  | Gained mutation: Your body sometimes deteriorates upon taking damage. [a neqoxec]
 13484 | Abyss:2  | Paralysed by accursed screaming for 1 turns
 13484 | Abyss:2  | HP: 5/143 [frost giant skeleton (9)]
 13484 | Abyss:2  | Slain by a starcursed mass

Skill      XL: |  1  2  3  4  5  6  7  8  9 10 11 12 13 14 |
---------------+-------------------------------------------+-----
Dodging        | 3 4 5 6 7 8 9 10 | 10.1
Unarmed Combat | 3 4 6 7 8 10 12 | 12.3
Shields        | 3 4 5 6 7 8 9 |  9.4
Fighting       | 3 4 5 6 7 8 9 10 | 10.1
Invocations    | 3 5 7 |  7.9
Armour         | 2 3 |  3.0

Action                   |  1- 3 |  4- 6 |  7- 9 | 10-12 | 13-15 || total
-------------------------+-------+-------+-------+-------+-------++-------
Melee: Unarmed           |    72 |   164 |   249 |   610 |   322 ||  1417
Invok: Divine Shield     |       |       |       |    10 |    12 ||    22
       Summon Divine War |       |       |       |     1 |     1 ||     2
       Cleansing Flame   |       |       |       |       |     3 ||     3
Evoke: Wand              |       |       |       |       |     1 ||     1
  Use: Scroll            |       |       |     8 |     5 |     2 ||    15
       Potion            |       |       |     1 |     1 |     3 ||     5
  Eat: Chunk             |    12 |    17 |    33 |    46 |    25 ||   133
Armor: Robe              |    17 |    44 |    55 |    91 |    71 ||   278
Dodge: Dodged            |    18 |    63 |    93 |   269 |   206 ||   649
Block: Shield            |    29 |    70 |   104 |   324 |   243 ||   770
